TOP OF THE 1ST |
Walla Walla All-Stars batting - Pitching for Vancouver Vipers : RHP Jason Taylor
|
Pitching: RHP Jason Taylor
|
|
Batting: LHB Mike Young
|
0-0: Called Strike 0-1: Ball 1-1: Ball 2-1: Reached on error, E6 (Groundball, 6)
|
Batting: SHB Sean Carr
|
0-0: Ball 1-0: Fly out, F9 (Line Drive, 9D) Runner from 1st tags up, SAFE at 2nd
|
Batting: RHB Lorenzo Morín
|
0-0: Called Strike 0-1: Swinging Strike 0-2: Ball 1-2: Foul Ball, location: 2F 1-2: Foul Ball, location: 2F 1-2: Foul Ball, location: 2F 1-2: Ball 2-2: Foul Ball, location: 2F 2-2: Strikes out looking
|
Batting: RHB Claudio Guerra
|
0-0: Ball 1-0: Foul Ball, location: 2F 1-1: Called Strike 1-2: Ball 2-2: Ground out 1-3 (Groundball, 13)
|
Top of the 1st over - 0 run(s), 0 hit(s), 1 error(s), 1 left on base; Walla Walla 0 - Vancouver 0 |
BOTTOM OF THE 1ST |
Vancouver Vipers batting - Pitching for Walla Walla All-Stars : RHP António Benítez
|
Pitching: RHP António Benítez
|
|
Batting: RHB Guillermo Sánchez
|
0-0: Called Strike 0-1: Fly out, F7 (Flyball, 7D)
|
Batting: RHB Kel Pierce
|
0-0: Ball 1-0: Ball 2-0: Foul Ball, location: 2F 2-1: Foul Ball, location: 2F 2-2: Ball 3-2: Foul Ball, location: 2F 3-2: SOLO HOME RUN (Flyball, 78XD), Distance : 410 ft
|
Batting: RHB Dan Tyler
|
0-0: Called Strike 0-1: Swinging Strike 0-2: Ball 1-2: Ball 2-2: Foul Ball, location: 2F 2-2: Fly out, F8 (Flyball, 8RD)
|
Batting: RHB Xavier Feliciano
|
0-0: SINGLE (Groundball, 4M)
|
Batting: RHB Arthur Dumais
|
0-0: Fielders Choice at 2nd, U4 (Groundball, 4M)
|
Bottom of the 1st over - 1 run(s), 2 hit(s), 0 error(s), 1 left on base; Walla Walla 0 - Vancouver 1 |
TOP OF THE 2ND |
Walla Walla All-Stars batting - Pitching for Vancouver Vipers : RHP Jason Taylor
|
Batting: SHB Clinton Watson
|
0-0: Ball 1-0: Ball 2-0: Ball 3-0: Base on Balls
|
Batting: RHB Daniel Guerrero
|
0-0: Ball 1-0: Fly out, F9 (Flyball, 9M)
|
Batting: RHB Pablo Lucero
|
0-0: Foul Ball, location: 2F 0-1: Ball 1-1: Ball 2-1: 2-RUN HOME RUN (Flyball, 7D), Distance : 389 ft
|
Batting: RHB Pablo Castillo
|
0-0: Ground out 5-3 (Groundball, 56)
|
Batting: LHB Bob Martin
|
0-0: Called Strike 0-1: Foul Ball, location: 2F 0-2: Ball 1-2: Strikes out looking
|
Top of the 2nd over - 2 run(s), 1 hit(s), 0 error(s), 0 left on base; Walla Walla 2 - Vancouver 1 |
BOTTOM OF THE 2ND |
Vancouver Vipers batting - Pitching for Walla Walla All-Stars : RHP António Benítez
|
Batting: LHB Mike Williams
|
0-0: Called Strike 0-1: Bunted foul 0-2: Foul Ball, location: 2F 0-2: Ball 1-2: Ground out 5-3 (Groundball, 56S)
|
Batting: RHB Howard Lane
|
0-0: Called Strike 0-1: Ball 1-1: Ground out 5-3 (Groundball, 56)
|
Batting: RHB Tomás Estrada
|
0-0: Ball 1-0: Ball 2-0: SINGLE (Line Drive, 78S)
|
Batting: RHB Tomás Ovies
|
0-0: Called Strike Tomás Estrada steals 2nd base 0-1: Ball 1-1: Ball 2-1: Foul Ball, location: 2F 2-2: Ball 3-2: SINGLE (Groundball, 25) (infield hit) Tomás Estrada to third
|
Batting: RHB Guillermo Sánchez
|
0-0: Fly out, F9 (Flyball, 89D)
|
Bottom of the 2nd over - 0 run(s), 2 hit(s), 0 error(s), 2 left on base; Walla Walla 2 - Vancouver 1 |
TOP OF THE 3RD |
Walla Walla All-Stars batting - Pitching for Vancouver Vipers : RHP Jason Taylor
|
Batting: LHB Mike Young
|
0-0: Ground out 6-3 (Groundball, 6M)
|
Batting: SHB Sean Carr
|
0-0: Ball 1-0: Called Strike 1-1: Foul Ball, location: 2F 1-2: Fly out, F8 (Flyball, 8RM)
|
Batting: RHB Lorenzo Morín
|
0-0: Ball 1-0: Ball 2-0: Foul Ball, location: 2F 2-1: SOLO HOME RUN (Line Drive, 7D), Distance : 397 ft
|
Batting: RHB Claudio Guerra
|
0-0: Ball 1-0: Ground out 6-3 (Groundball, 6)
|
Top of the 3rd over - 1 run(s), 1 hit(s), 0 error(s), 0 left on base; Walla Walla 3 - Vancouver 1 |
BOTTOM OF THE 3RD |
Vancouver Vipers batting - Pitching for Walla Walla All-Stars : RHP António Benítez
|
Batting: RHB Kel Pierce
|
0-0: Called Strike 0-1: Ball 1-1: Ground out 5-3 (Groundball, 5S)
|
Batting: RHB Dan Tyler
|
0-0: SINGLE (Groundball, 56D)
|
Batting: RHB Xavier Feliciano
|
0-0: Called Strike 0-1: Foul Ball, location: 2F 0-2: Ball 1-2: Ball 2-2: Ball 3-2: Foul Ball, location: 2F 3-2: Foul Ball, location: 2F 3-2: SINGLE (Line Drive, 4MD) Dan Tyler to second
|
Batting: RHB Arthur Dumais
|
0-0: Called Strike 0-1: Ball 1-1: Ball 2-1: Ball 3-1: DOUBLE (Popup, 8RS) Dan Tyler scores Xavier Feliciano to third
|
Batting: LHB Mike Williams
|
0-0: Foul Ball, location: 2F 0-1: Foul Ball, location: 2F 0-2: SINGLE (Line Drive, 8LS) Xavier Feliciano scores Arthur Dumais to third
|
Batting: RHB Howard Lane
|
0-0: Ball 1-0: Ball 2-0: Fly out, F4 (Popup, 4MD)
|
Batting: RHB Tomás Estrada
|
0-0: Ball 1-0: 3-RUN HOME RUN (Flyball, 7LD), Distance : 375 ft
|
Batting: RHB Tomás Ovies
|
0-0: Called Strike 0-1: SINGLE (Line Drive, 4D)
|
Batting: RHB Guillermo Sánchez
|
0-0: Fly out, F4 (Line Drive, 4)
|
Bottom of the 3rd over - 5 run(s), 6 hit(s), 0 error(s), 1 left on base; Walla Walla 3 - Vancouver 6 |
TOP OF THE 4TH |
Walla Walla All-Stars batting - Pitching for Vancouver Vipers : RHP Jason Taylor
|
Batting: SHB Clinton Watson
|
0-0: Ball 1-0: Fly out, F4 (Popup, 3DF)
|
Batting: RHB Daniel Guerrero
|
0-0: Foul Ball, location: 2F 0-1: Ball 1-1: SINGLE (Line Drive, 56)
|
Batting: RHB Pablo Lucero
|
0-0: Foul Ball, location: 2F 0-1: Ball 1-1: Ball Daniel Guerrero is caught stealing 2nd base 2-1: Ball 3-1: Base on Balls
|
Batting: RHB Pablo Castillo
|
0-0: Called Strike 0-1: Fly out, F6 (Popup, 56D)
|
Top of the 4th over - 0 run(s), 1 hit(s), 0 error(s), 1 left on base; Walla Walla 3 - Vancouver 6 |
BOTTOM OF THE 4TH |
Vancouver Vipers batting - Pitching for Walla Walla All-Stars : RHP António Benítez
|
Batting: RHB Kel Pierce
|
0-0: Ball 1-0: Ball 2-0: Called Strike 2-1: Ball 3-1: Swinging Strike 3-2: Foul Ball, location: 2F 3-2: Base on Balls
|
Batting: RHB Dan Tyler
|
0-0: Ball 1-0: 2-RUN HOME RUN (Flyball, 7D), Distance : 366 ft
|
Pitching: RHP John Bowden
|
|
Batting: RHB Xavier Feliciano
|
0-0: Called Strike 0-1: Foul Ball, location: 2F 0-2: Ball 1-2: Ball 2-2: DOUBLE (Line Drive, 9LM)
|
Batting: RHB Arthur Dumais
|
0-0: Called Strike 0-1: 2-RUN HOME RUN (Flyball, 89XD), Distance : 403 ft
|
Batting: LHB Mike Williams
|
0-0: Swinging Strike 0-1: Ground out 6-3 (Groundball, 6M)
|
Batting: RHB Howard Lane
|
0-0: Ball 1-0: Called Strike 1-1: Foul Ball, location: 2F 1-2: Ball 2-2: Strikes out swinging
|
Batting: RHB Tomás Estrada
|
0-0: Ball 1-0: Ball 2-0: Called Strike 2-1: Fly out, F8 (Flyball, 78M)
|
Bottom of the 4th over - 4 run(s), 3 hit(s), 0 error(s), 0 left on base; Walla Walla 3 - Vancouver 10 |
TOP OF THE 5TH |
Walla Walla All-Stars batting - Pitching for Vancouver Vipers : RHP Jason Taylor
|
Batting: LHB Bob Martin
|
0-0: Fly out, F8 (Flyball, 8LM)
|
Batting: LHB Mike Young
|
0-0: Ball 1-0: Fly out, F9 (Line Drive, 9D)
|
Batting: SHB Sean Carr
|
0-0: Foul Ball, location: 2F 0-1: Called Strike 0-2: Foul Ball, location: 2F 0-2: Ball 1-2: Ball 2-2: Ball 3-2: Fly out, F8 (Flyball, 8LS)
|
Top of the 5th over - 0 run(s), 0 hit(s), 0 error(s), 0 left on base; Walla Walla 3 - Vancouver 10 |
BOTTOM OF THE 5TH |
Vancouver Vipers batting - Pitching for Walla Walla All-Stars : RHP John Bowden
|
Batting: RHB Tomás Ovies
|
0-0: Ball 1-0: Foul Ball, location: 2F 1-1: Foul Ball, location: 2F 1-2: Foul Ball, location: 2F 1-2: Fly out, F6 (Popup, 5F)
|
Batting: RHB Guillermo Sánchez
|
0-0: Ball 1-0: Hit by Pitch
|
Batting: RHB Kel Pierce
|
0-0: Called Strike Guillermo Sánchez steals 2nd base 0-1: Ball 1-1: Foul Ball, location: 2F 1-2: Ground out 6-3 (Groundball, 6M) Guillermo Sánchez to third
|
Batting: RHB Dan Tyler
|
0-0: Ball 1-0: Ball 2-0: Called Strike 2-1: Ground out 1-3 (Groundball, 15)
|
Bottom of the 5th over - 0 run(s), 0 hit(s), 0 error(s), 1 left on base; Walla Walla 3 - Vancouver 10 |
TOP OF THE 6TH |
Walla Walla All-Stars batting - Pitching for Vancouver Vipers : RHP Jason Taylor
|
Batting: RHB Lorenzo Morín
|
0-0: Called Strike 0-1: Swinging Strike 0-2: Strikes out looking
|
Batting: RHB Claudio Guerra
|
0-0: Swinging Strike 0-1: Foul Ball, location: 2F 0-2: Strikes out swinging
|
Batting: SHB Clinton Watson
|
0-0: Foul Ball, location: 2F 0-1: Ball 1-1: Ball 2-1: Swinging Strike 2-2: Strikes out swinging
|
Top of the 6th over - 0 run(s), 0 hit(s), 0 error(s), 0 left on base; Walla Walla 3 - Vancouver 10 |
BOTTOM OF THE 6TH |
Vancouver Vipers batting - Pitching for Walla Walla All-Stars : RHP John Bowden
|
Batting: RHB Xavier Feliciano
|
0-0: Ball 1-0: Ball 2-0: Ball 3-0: Base on Balls
|
Pitching: RHP Chris Sullivan
|
|
Batting: RHB Arthur Dumais
|
0-0: Ball 1-0: Called Strike 1-1: Ball 2-1: Ball 3-1: Swinging Strike 3-2: Base on Balls Xavier Feliciano to second
|
Batting: LHB Mike Williams
|
0-0: Called Strike 0-1: Ball 1-1: Swinging Strike 1-2: Ball 2-2: Fielders Choice at 2nd, 4-6 (Groundball, 34) Xavier Feliciano to third
|
Batting: RHB Howard Lane
|
0-0: Ball 1-0: Foul Ball, location: 2F 1-1: Ball 2-1: Called Strike 2-2: Fly out, F7 (Flyball, 7LD) Runner from 3rd tags up, SCORES, no throw
|
Batting: RHB Tomás Estrada
|
0-0: Ball 1-0: Swinging Strike 1-1: Ball 2-1: Foul Ball, location: 2F 2-2: Strikes out swinging
|
Bottom of the 6th over - 1 run(s), 0 hit(s), 0 error(s), 1 left on base; Walla Walla 3 - Vancouver 11 |
TOP OF THE 7TH |
Walla Walla All-Stars batting - Pitching for Vancouver Vipers : RHP Jason Taylor
|
Batting: RHB Daniel Guerrero
|
0-0: Called Strike 0-1: Ball 1-1: Swinging Strike 1-2: Ground out 5-3 (Groundball, 56S)
|
Batting: RHB Pablo Lucero
|
0-0: Ball 1-0: Ball 2-0: Foul Ball, location: 2F 2-1: Swinging Strike 2-2: Foul Ball, location: 2F 2-2: Ball 3-2: Fly out, F6 (Line Drive, 6)
|
Batting: RHB Pablo Castillo
|
0-0: Called Strike 0-1: Ball 1-1: Foul Ball, location: 2F 1-2: Foul Ball, location: 2F 1-2: Strikes out swinging
|
Top of the 7th over - 0 run(s), 0 hit(s), 0 error(s), 0 left on base; Walla Walla 3 - Vancouver 11 |
BOTTOM OF THE 7TH |
Vancouver Vipers batting - Pitching for Walla Walla All-Stars : RHP Chris Sullivan
|
Batting: RHB Tomás Ovies
|
0-0: Ball 1-0: Ball 2-0: Ball 3-0: Base on Balls
|
Batting: RHB Guillermo Sánchez
|
0-0: Ball 1-0: Ball Tomás Ovies steals 2nd base 2-0: Bunted foul 2-1: Sac Bunt - play at first, batter OUT! 1-4 Tomás Ovies to third
|
Batting: RHB Kel Pierce
|
0-0: Foul Ball, location: 2F 0-1: Fly out, F2 (Popup, 2RF)
|
Batting: RHB Dan Tyler
|
0-0: Ball 1-0: Swinging Strike 1-1: Called Strike 1-2: Strikes out swinging
|
Bottom of the 7th over - 0 run(s), 0 hit(s), 0 error(s), 1 left on base; Walla Walla 3 - Vancouver 11 |
TOP OF THE 8TH |
Walla Walla All-Stars batting - Pitching for Vancouver Vipers : RHP Jason Taylor
|
Batting: LHB Bob Martin
|
0-0: Ball 1-0: Ball 2-0: Swinging Strike 2-1: Ball 3-1: Base on Balls
|
Pitching: LHP Bill Wilson
|
|
Batting: LHB Mike Young
|
0-0: Ball 1-0: Ball 2-0: Ball 3-0: Base on Balls Bob Martin to second
|
Batting: SHB Sean Carr
|
0-0: DOUBLE (Line Drive, 9LD) Bob Martin scores Mike Young to third
|
Batting: RHB Lorenzo Morín
|
0-0: Called Strike 0-1: SINGLE (Line Drive, 9LS) Mike Young scores Sean Carr to third
|
Batting: RHB Claudio Guerra
|
0-0: Ball 1-0: Called Strike 1-1: Foul Ball, location: 2F 1-2: Ball 2-2: Foul Ball, location: 2F 2-2: Foul Ball, location: 2F 2-2: SINGLE (Groundball, 6MD) Sean Carr scores Lorenzo Morín to second
|
Batting: SHB Clinton Watson
|
0-0: Ball 1-0: Ball 2-0: Foul Ball, location: 2F 2-1: Ball 3-1: Foul Ball, location: 2F 3-2: Base on Balls Lorenzo Morín to third Claudio Guerra to second
|
Pitching: LHP Jeff Catron
|
|
Batting: RHB Daniel Guerrero
|
0-0: Called Strike 0-1: Ball 1-1: Swinging Strike 1-2: Ball 2-2: Ball 3-2: Foul Ball, location: 2F 3-2: Base on Balls Lorenzo Morín scores Claudio Guerra to third Clinton Watson to second
|
Pitching: LHP Malcolm Moore
|
|
Batting: RHB Pablo Lucero
|
0-0: Called Strike 0-1: Ball 1-1: Foul Ball, location: 2F 1-2: Ball 2-2: Ball 3-2: Base on Balls Claudio Guerra scores Clinton Watson to third Daniel Guerrero to second
|
Pinch Hitting: RHB Luke McIndoe
|
0-0: Called Strike 0-1: Ball 1-1: Foul Ball, location: 2F 1-2: Foul Ball, location: 2F 1-2: Ball 2-2: Foul Ball, location: 2F 2-2: Foul Ball, location: 2F 2-2: Ball 3-2: DOUBLE (Line Drive, 5) Clinton Watson scores Daniel Guerrero scores Pablo Lucero to third
|
Pitching: LHP Kai-ge Hui
|
|
Pinch Hitting: RHB Jeff Thompson
|
0-0: Called Strike 0-1: Foul Ball, location: 2F 0-2: DOUBLE (Line Drive, 7LS) Pablo Lucero scores Luke McIndoe scores
|
Pitching: LHP Theron Lilly
|
|
Pinch Hitting: RHB George Jost
|
0-0: SINGLE (Line Drive, 56D) Jeff Thompson to third
|
Batting: SHB Sean Carr
|
0-0: Ball 1-0: Ball 2-0: Called Strike 2-1: Ball 3-1: Swinging Strike 3-2: Base on Balls George Jost to second
|
Batting: RHB Lorenzo Morín
|
0-0: Swinging Strike 0-1: Ball 1-1: Foul Ball, location: 2F 1-2: Foul Ball, location: 2F 1-2: Ball 2-2: SINGLE (Line Drive, 6D) Jeff Thompson scores George Jost to third Sean Carr to second
|
Batting: RHB Claudio Guerra
|
0-0: Called Strike 0-1: Ball 1-1: Ball 2-1: Grounds into fielders choice 3-2 (Groundball, 3S) Sean Carr to third Lorenzo Morín to second
|
Batting: SHB Clinton Watson
|
0-0: Ball 1-0: Grounds into double play, 5-4-3 (Groundball, 56)
|
Top of the 8th over - 10 run(s), 7 hit(s), 0 error(s), 2 left on base; Walla Walla 13 - Vancouver 11 |
BOTTOM OF THE 8TH |
Vancouver Vipers batting - Pitching for Walla Walla All-Stars : RHP Chris Sullivan
|
Pitching: LHP Juan Ortíz
|
|
Now at 3B: Jeff Thompson
|
|
Now at SS: Kenkichi Hayagawa
|
|
Now in CF: George Jost
|
|
Batting: RHB Xavier Feliciano
|
0-0: Ball 1-0: Ball 2-0: Foul Ball, location: 2F 2-1: DOUBLE (Groundball, 5L)
|
Pitching: LHP Edgardo Guzmán
|
|
Batting: RHB Arthur Dumais
|
0-0: Foul Ball, location: 2F 0-1: Called Strike 0-2: Foul Ball, location: 2F 0-2: Strikes out swinging
|
Batting: LHB Mike Williams
|
0-0: Foul Ball, location: 2F 0-1: Swinging Strike 0-2: Ball 1-2: Strikes out swinging
|
Batting: RHB Howard Lane
|
0-0: SINGLE (Line Drive, 7LS) Xavier Feliciano to third Runner from 3rd tries for Home, SAFE, throw made home
|
Pinch Runner at 1st Malcolm Thomas:
|
|
Pinch Hitting: SHB Henry Copeland
|
0-0: Ball 1-0: Ball 2-0: Ball 3-0: Called Strike 3-1: Base on Balls Malcolm Thomas to second
|
Pinch Hitting: RHB Pedro Fuentes
|
0-0: Ball 1-0: Foul Ball, location: 2F 1-1: Ball 2-1: Called Strike 2-2: Strikes out swinging
|
Bottom of the 8th over - 1 run(s), 2 hit(s), 0 error(s), 2 left on base; Walla Walla 13 - Vancouver 12 |
BOTTOM OF THE 9TH |
Vancouver Vipers batting - Pitching for Walla Walla All-Stars : LHP Edgardo Guzmán
|
Pitching: LHP Pepe Caro
|
|
Batting: RHB Guillermo Sánchez
|
0-0: Called Strike 0-1: Called Strike 0-2: Foul Ball, location: 2F 0-2: Ball 1-2: Strikes out swinging
|
Batting: RHB Kel Pierce
|
0-0: Ball 1-0: Foul Ball, location: 2F 1-1: Fly out, F7 (Line Drive, 7D)
|
Batting: RHB Dan Tyler
|
0-0: SINGLE (Line Drive, 4D)
|
Batting: RHB Xavier Feliciano
|
0-0: Foul Ball, location: 2F 0-1: Foul Ball, location: 2F 0-2: Ball 1-2: Fly out, F9 (Line Drive, 9LS)
|
Bottom of the 9th over - 0 run(s), 1 hit(s), 0 error(s), 1 left on base; Walla Walla 13 - Vancouver 12 |
|